 Seeded DCSS version 0.30-a0-250-g41c1d76940 (webtiles) character file.

Game seed: 15198567493610122588 (custom seed)

150 purpskrrrp the Firebug (level 5, -10/28 HPs)
             Began as a Deep Elf Fire Elementalist on Oct 13, 2022.
             Was a Believer of Zin.
             Killed by divine providence
             ... invoked by an orc priest
              (14 damage)
             ... on level 4 of the Dungeon.
             The game lasted 00:07:53 (3262 turns).

purpskrrrp the Firebug (Deep Elf Fire Elementalist) Turns: 3262, Time: 00:07:53

Health: -10/28     AC:  3    Str:  5    XL:     5   Next: 10%
Magic:  2/13       EV: 12    Int: 22    God:    Zin [**....]
Gold:   128        SH:  3    Dex: 15    Spells: 11/12 levels left

rFire   . . .      SeeInvis .    r - +3 trident (venom)
rCold   . . .      Faith    .    d - +0 buckler
rNeg    . . .      Spirit   .    a - +0 robe
rPois   .          Reflect  .    (no helmet)
rElec   .          Harm     .    (no cloak)
rCorr   .          Rampage  .    l - +0 pair of gloves
Will    +....                    (no boots)
Stlth   ++........               (no amulet)
HPRegen 0.24/turn                o - ring of willpower
MPRegen 0.13/turn                (no ring)

@: no status effects
A: no striking features
a: Renounce Religion, Recite, Vitalisation, Donate Gold


You were on level 4 of the Dungeon.
You worshipped Zin.
Zin was pleased with you.
You visited 1 branch of the dungeon, and saw 4 of its levels.

You collected 142 gold pieces.
You donated 14 gold pieces to Zin.

Inventory:

Hand Weapons
 r - a +3 trident of venom (weapon)
Armour
 a - a +0 robe (worn)
 d - a +0 buckler (worn)
 l - a +0 pair of gloves (worn)
Jewellery
 o - a ring of willpower (left hand)
Wands
 p - a wand of flame (22)
Scrolls
 f - 2 scrolls of blinking {unknown}
 g - a scroll of torment {unknown}
 j - a scroll of teleportation {unknown}
 k - a scroll of silence {unknown}
Potions
 b - a potion of magic
 c - a potion of brilliance {unknown}
 h - a potion of flight {unknown}
 i - a potion of ambrosia
 m - a potion of cancellation {unknown}
 n - a potion of degeneration {unknown}
 q - a potion of invisibility {unknown}


   Skills:
 + Level 3.5 Dodging
 - Level 2.4 Stealth
 + Level 4.2 Spellcasting
 + Level 2.5 Conjurations
 * Level 4.7 Fire Magic


You had 11 spell levels left.
You knew the following spells:

 Your Spells              Type           Power      Damage    Failure   Level
a - Foxfire               Conj/Fire      80%        2x1d8     3%          1

Your spell library contained the following spells:

 Spells                   Type           Power      Damage    Failure   Level
 Scorch                   Fire           50%        2d8       3%          2
 Momentum Strike          Conj/Tloc      20%        3d8       13%         2
 Inner Flame              Hex/Fire       15%        N/A       17%         3
 Blink                    Tloc           8%         N/A       22%         2
 Kindle Blastsparks       Fire/Tloc/Air  22%        2d11      24%         3
 Flame Wave               Conj/Fire      20%        2d7       32%         4
 Lesser Beckoning         Tloc           8%         N/A       41%         3


Dungeon Overview and Level Annotations

Branches:
Dungeon (4/15)
 Temple: D:4-7

Altars:
Zin

Annotations:
D:4 Eustachio


Message History

You are too injured to fight recklessly!
You are too injured to fight recklessly!
You are too injured to fight recklessly!
You are too injured to fight recklessly!
You are too injured to fight recklessly!
The orc priest attacks as you move away!
The orc priest misses you.
A gnoll bouda comes into view. It is wielding a +0 whip.
The scorpion stings you.
* * * LOW HITPOINT WARNING * * *
Aiming: Throw Flame
Press: ? - help, Shift-Dir - straight line, f - orc priest
Aim: an orc priest, wielding a +0 hand axe of distortion and wearing a +0 leather armour (almost dead, 68% to hit)
Okay, then.
Unknown command.
You are too injured to fight recklessly!
You barely miss the scorpion.
The scorpion is lightly wounded.
The scorpion closely misses you.
You hit the scorpion but do no damage.
The scorpion is poisoned.
The scorpion is lightly wounded.
The scorpion barely misses you.
The scorpion stings you but does no damage.
You barely miss the scorpion.
The scorpion is moderately wounded.
The gnoll bouda shouts!
You hear a shout!
You hear an angry hiss.
You hear a shout! x2
The scorpion closely misses you.
A gnoll comes into view. It is wielding a +0 flail.
Eustachio the Magnificent comes into view.
He is wielding a +0 rapier.
The orc priest looks satisfied for a moment.
A ball python comes into view.
The scorpion stings you.
* * * LOW HITPOINT WARNING * * *
The gnoll bouda barks out a call to the hunt!
The gnoll picks up the pace!
The orc priest mumbles some strange prayers to Beogh against you.
Beogh smites you!
Ouch! That really hurt!
You die...

.# .#+#.#.#+...+
gS+#.# #.....#.#...#.
g@#.#.#
+....#.#.....#
#.#.#.# #.....#.#.#.#
#.#.#.#+....#.#.#.# .
#.#.#.#.....#.#.#+#.#
#.#.#.#'#.#)#.#...#
#.#.#v#.#.....>..+#
#@#v#.#.#...#...#.
#.#s#§#.#+...+ ..#
#.#.#o#+#.#...#+#+#.
+#)#v... .+........#
#.#.#.....#........+
..#.#§.†...+#.......#
#.# )..$.#+.......+
#.# ......#.......#
.# .#+#.#+....†...


You could see Eustachio (wandering), a gnoll bouda, a scorpion (very poisoned),
an orc priest, a gnoll (swift) and a ball python.

Vanquished Creatures
  Terence (D:3)
  Robin (D:3)
  3 adders (D:3)
  An ufetubus (D:3)
  5 dart slugs
  3 orcs (D:4)
  5 bats
  3 endoplasms
  3 giant cockroaches
  12 goblins
  7 hobgoblins
  A jackal (D:3)
  9 kobolds
  5 ball pythons
  3 frilled lizards
  6 rats
  A bush (D:3)
69 creatures vanquished.

Vanquished Creatures (others)
  167 foxfires
  12 plants (D:3)
179 creatures vanquished.

Grand Total: 248 creatures vanquished

Notes
Turn   | Place    | Note
-------+----------+-------------------------------------------
     0 | D:1      | purpskrrrp the Deep Elf Fire Elementalist began the quest
                  | for the Orb.
     0 | D:1      | Reached XP level 1. HP: 10/10 MP: 6/6
    66 | D:1      | Noticed an eye of devastation
    98 | D:1      | Found a faded altar of an unknown god.
   100 | D:1      | Noticed a golden eye
   100 | D:1      | Noticed an eye of devastation
   100 | D:1      | Noticed an eye of devastation
   216 | D:1      | Reached XP level 2. HP: 15/15 MP: 4/8
  1254 | D:1      | Prayed at the altar of an unknown god.
  1254 | D:1      | Became a worshipper of Zin the Law-Giver
  1254 | D:1      | Reached * piety under Zin
  1303 | D:2      | Reached ** piety under Zin
  1932 | D:3      | Reached XP level 3. HP: 19/19 MP: 6/9
  2132 | D:3      | Noticed Robin
  2144 | D:3      | Reached XP level 4. HP: 23/24 MP: 7/11
  2192 | D:3      | Killed Robin
  2590 | D:3      | Noticed Terence
  2596 | D:3      | Killed Terence
  2901 | D:3      | Reached XP level 5. HP: 25/28 MP: 11/13
  3262 | D:4      | Noticed Eustachio
  3262 | D:4      | Killed from afar by an orc priest

Illustrated notes

Levels and vault maps discovered:
D:1:      lightli_arrival_lavapool, layout_loops_cross,
          hellmonk_ecumenical_altar_watching_god,
          chequers_serial_rivers_micro_d, nicolae_figureground_sparkle
D:2:      layout_rooms
D:3:      wad_crossroads, layout_basic, serial_bayou_pond_e,
          lexackson_kobold_supper, uniq_terence, uniq_robin
D:4:      layout_basic, kiku_gazebo_garden_becter,
          minmay_temple_entry_purple_smoke, gammafunk_ghost_arena,
          uniq_eustachio

Skill      XL: |  1  2  3  4 |
---------------+-------------+-----
Dodging        | 3 |  3.5
Fire Magic     | 4 |  4.7
Conjurations   | 2 |  2.5
Spellcasting   | 4 |  4.2
Stealth        | |  2.4

Action                   |  1- 3 |  4- 6 || total
-------------------------+-------+-------++-------
Melee: Unarmed           |     3 |       ||     3
       Trident           |    11 |   103 ||   114
 Cast: Foxfire           |    76 |    45 ||   121
  Use: Scroll            |     3 |     1 ||     4
       Potion            |       |     1 ||     1
 Stab: Sleeping          |     1 |     4 ||     5
Armor: Robe              |     1 |    14 ||    15
Dodge: Dodged            |     4 |    30 ||    34
Block: Buckler           |     1 |    13 ||    14

Table legend: (Time is in decaauts)
 A = Elapsed time spent in this place.
 B = Non-inter-level travel time spent in this place.
 C = Inter-level travel time spent in this place.
 D = Time resting spent in this place.
 E = Time spent auto-exploring this place.
 F = Levels seen in this place.
 G = Mean time per level.
                   A        B        C        D        E       F      G
               +--------+--------+--------+--------+--------+-----+--------+
         Total |   3300 |   3161 |    139 |    118 |   2488 |   4 |  825.0 |
       Dungeon |   3300 |   3161 |    139 |    118 |   2488 |   4 |  825.0 |
               +--------+--------+--------+--------+--------+-----+--------+

Top non-repeatable levels by time:
     D:3: 1378 daAuts
     D:1: 1273 daAuts
     D:2: 554 daAuts
     D:4: 95 daAuts
